General information
- name: BNet
- type: Ladder team game (AT/RT)
- host: Battle.net
- saver: Alley-Oop
map: Battleground
- players: 8
- length: 54:50
- speed: Fast
- version: 1.28 W3XP
- replay type: Public
» download(458 KB)
Players
team 1 (loser)

»
GL_HF_SharePlz (
blue | 44 APM | 1017 actions | 23:22)
4 Archmage
2 Blizzard
1 Brilliance Aura
1 Summon Water Elemental
» actions
| Assign group hotkey | 13 | |
| Basic commands | 10 | |
| Build / train | 57 | |
| Enter build submenu | 21 | |
| Enter hero's abilities submenu | 4 | |
| Remove unit from queue | 1 | |
| Right click | 418 | |
| Select / deselect | 193 | |
| Select group hotkey | 247 | |
| Use ability | 53 | |
1017 total
» units
| Peasant | 13 | |
| Footman | 2 | |
| Rifleman | 10 | |
| Forest Troll Shadow Priest | 1 | |
| Mortar Team | 5 | |
| Sorceress | 2 | |
33 total
» upgrades
| Gunpowder | 3 | |
| Armor | 1 | |
| Long Rifles | 1 | |
| Masonry | 2 | |
| Fragmentation Shards | 1 | |
| Flare | 1 | |
| Lumber Harvesting | 2 | |
11 total
» buildings
| Altar of Kings | 1 | |
| Farm | 8 | |
| Barracks | 2 | |
| Blacksmith | 2 | |
| Lumber Mill | 1 | |
| Arcane Vault | 1 | |
| Keep | 1 | |
| Town Hall | 1 | |
| Scout Tower | 3 | |
| Guard Tower | 1 | |
| Castle | 1 | |
| Arcane Sanctum | 1 | |
| Workshop | 1 | |
24 total
» build order
00:52 Altar of Kings
01:05 Farm
01:22 Farm
01:34 Barracks
02:08 Blacksmith
02:14 Lumber Mill
02:47 Farm
03:20 Blacksmith
03:29 Arcane Vault
04:02 Barracks
04:13 Farm
04:51 Farm
05:45 Farm
07:41 Keep
09:14 Town Hall
09:27 Scout Tower
09:29 Scout Tower
09:31 Scout Tower
09:58 Guard Tower
10:10 Castle
11:04 Arcane Sanctum
11:10 Workshop
11:16 Farm
11:21 Farm
» items
| Potion of Healing | 1 | |
| Scroll of Town Portal | 1 | |
| Potion of Lesser Invulnerability | 1 | |
| Scroll of Protection | 1 | |
4 total
SHAME-BLAME (
purple | 36 APM | 1992 actions | 54:42)
8 Blademaster
3 Wind Walk
3 Critical Strike
1 Bladestorm
1 Mirror Image
1 Shadow Hunter
1 Healing Wave
» actions
| Assign group hotkey | 26 | |
| Basic commands | 45 | |
| Build / train | 80 | |
| Enter build submenu | 27 | |
| Enter hero's abilities submenu | 9 | |
| Give item / drop item | 5 | |
| Right click | 926 | |
| Select / deselect | 236 | |
| Select group hotkey | 527 | |
| Use ability | 111 | |
1992 total
» units
| Peon | 19 | |
| Wind Rider | 13 | |
| Kodo Beast | 3 | |
35 total
» upgrades
| Reinforced Defenses | 1 | |
| Ranged Weapons | 2 | |
| Armor | 2 | |
| Liquid Fire | 2 | |
| Envenomed Spears | 1 | |
| Ensnare | 1 | |
9 total
» buildings
| Altar of Storms | 1 | |
| Orc Burrow | 5 | |
| Voodoo Lounge | 3 | |
| Stronghold | 2 | |
| War Mill | 1 | |
| Watch Tower | 25 | |
| Beastiary | 2 | |
| Fortress | 1 | |
40 total
» build order
00:06 Altar of Storms
00:18 Orc Burrow
00:38 Voodoo Lounge
02:06 Stronghold
02:06 Stronghold
02:27 War Mill
02:49 Orc Burrow
02:50 Orc Burrow
02:51 Orc Burrow
03:46 Watch Tower
03:50 Watch Tower
04:05 Watch Tower
04:32 Beastiary
04:56 Beastiary
06:16 Fortress
06:33 Watch Tower
06:41 Watch Tower
10:04 Watch Tower
10:05 Watch Tower
10:41 Watch Tower
10:49 Watch Tower
12:59 Watch Tower
13:00 Watch Tower
13:01 Watch Tower
13:03 Watch Tower
14:04 Watch Tower
14:08 Watch Tower
14:10 Watch Tower
14:11 Watch Tower
14:16 Voodoo Lounge
14:33 Watch Tower
15:13 Watch Tower
17:21 Watch Tower
17:21 Watch Tower
17:22 Watch Tower
18:31 Watch Tower
18:32 Watch Tower
18:34 Watch Tower
19:30 Orc Burrow
22:00 Voodoo Lounge
» items
| Healing Salve | 5 | |
| Staff of Teleportation | 2 | |
| Orb of Lightning | 2 | |
| Tiny Great Hall | 2 | |
| Scroll of Town Portal | 5 | |
| Potion of Healing | 1 | |
| Scroll of Healing | 2 | |
| Potion of Lesser Invulnerability | 1 | |
20 total

»
BrianPeepers (
yellow | 38 APM | 2073 actions | 54:46)
3 Lich
2 Frost Nova
1 Frost Armor
» actions
| Assign group hotkey | 54 | |
| Basic commands | 5 | |
| Build / train | 71 | |
| Enter build submenu | 20 | |
| Enter hero's abilities submenu | 4 | |
| Give item / drop item | 2 | |
| Right click | 820 | |
| Select / deselect | 544 | |
| Select group hotkey | 491 | |
| Use ability | 62 | |
2073 total
» units
| Acolyte | 4 | |
| Ghoul | 7 | |
| Crypt Fiend | 20 | |
| Obsidian Statue | 7 | |
| Frost Wyrm | 6 | |
44 total
» upgrades
| Creature Attack | 3 | |
| Web | 1 | |
| Burrow | 1 | |
| Creature Carapace | 1 | |
6 total
» buildings
| Ziggurat | 8 | |
| Crypt | 1 | |
| Altar of Darkness | 1 | |
| Nerubian Tower | 3 | |
| Graveyard | 1 | |
| Tomb of Relics | 1 | |
| Spirit Tower | 4 | |
| Halls of the Dead | 1 | |
| Black Citadel | 2 | |
| Slaughterhouse | 1 | |
| Sacrificial Pit | 1 | |
| Boneyard | 1 | |
25 total
» build order
00:14 Ziggurat
00:17 Crypt
00:47 Altar of Darkness
01:19 Nerubian Tower
01:30 Graveyard
01:55 Ziggurat
02:41 Tomb of Relics
03:11 Spirit Tower
04:12 Ziggurat
04:49 Halls of the Dead
05:21 Nerubian Tower
06:29 Ziggurat
08:04 Ziggurat
08:39 Black Citadel
08:39 Black Citadel
11:00 Slaughterhouse
11:12 Spirit Tower
11:12 Spirit Tower
11:28 Spirit Tower
14:22 Sacrificial Pit
16:06 Boneyard
16:09 Ziggurat
16:10 Ziggurat
16:10 Ziggurat
27:04 Nerubian Tower
» items
| Scroll of Town Portal | 4 | |
| Potion of Healing | 1 | |
5 total

»
IIIIIII (
green | 86 APM | 2278 actions | 26:25)
4 Priestess of the Moon
2 Trueshot Aura
2 Scout
» actions
| Assign group hotkey | 73 | |
| Basic commands | 143 | |
| Build / train | 57 | |
| ESC pressed | 5 | |
| Enter build submenu | 24 | |
| Enter hero's abilities submenu | 5 | |
| Give item / drop item | 3 | |
| Remove unit from queue | 1 | |
| Right click | 831 | |
| Select / deselect | 384 | |
| Select group hotkey | 661 | |
| Use ability | 91 | |
2278 total
» units
| Wisp | 17 | |
| Huntress | 13 | |
| Glaive Thrower | 1 | |
31 total
» upgrades
| Moon Armor | 2 | |
| Nature's Blessing | 1 | |
| Sentinel | 1 | |
| Strength of the Moon | 2 | |
| Ultravision | 1 | |
| Vorpal Blades | 1 | |
8 total
» buildings
| Altar of Elders | 1 | |
| Moon Well | 9 | |
| Ancient of War | 2 | |
| Hunter's Hall | 1 | |
| Tree of Ages | 2 | |
| Ancient of Wonders | 1 | |
| Ancient Protector | 5 | |
| Tree of Life | 2 | |
23 total
» build order
00:10 Altar of Elders
00:20 Moon Well
01:40 Ancient of War
01:46 Hunter's Hall
01:59 Moon Well
02:15 Ancient of War
02:27 Moon Well
04:43 Moon Well
06:14 Moon Well
07:04 Tree of Ages
07:10 Ancient of Wonders
08:26 Ancient Protector
11:06 Ancient Protector
11:11 Ancient Protector
11:13 Ancient Protector
11:22 Ancient Protector
15:28 Tree of Life
16:04 Tree of Life
19:45 Tree of Ages
23:11 Moon Well
23:18 Moon Well
23:23 Moon Well
24:21 Moon Well
» items
| Boots of Speed | 1 | |
| Staff of Preservation | 2 | |
| Moonstone | 2 | |
| Lesser Clarity Potion | 1 | |
| Scroll of Town Portal | 1 | |
| Potion of Healing | 1 | |
| Scroll of Speed | 2 | |
10 total
team 2 (winner)
Alley-Oop (
teal | 50 APM | 2747 actions | 54:50)
10 Blademaster
3 Wind Walk
3 Critical Strike
1 Bladestorm
3 Mirror Image
» actions
| Assign group hotkey | 23 | |
| Basic commands | 117 | |
| Build / train | 89 | |
| Enter build submenu | 47 | |
| Enter hero's abilities submenu | 10 | |
| Give item / drop item | 20 | |
| Remove unit from queue | 2 | |
| Right click | 1354 | |
| Select / deselect | 490 | |
| Select group hotkey | 365 | |
| Use ability | 230 | |
2747 total
» units
| Peon | 14 | |
| Grunt | 4 | |
| Troll Batrider | 17 | |
| Troll Witch Doctor | 1 | |
36 total
» upgrades
| Armor | 3 | |
| Reinforced Defenses | 1 | |
| Liquid Fire | 1 | |
| Ranged Weapons | 3 | |
| Troll Regeneration | 1 | |
| Witch Doctor Training | 1 | |
10 total
» buildings
| Orc Burrow | 4 | |
| Altar of Storms | 1 | |
| Barracks | 1 | |
| Voodoo Lounge | 3 | |
| Stronghold | 1 | |
| War Mill | 2 | |
| Beastiary | 2 | |
| Fortress | 1 | |
| Great Hall | 3 | |
| Watch Tower | 30 | |
| Spirit Lodge | 2 | |
50 total
» build order
00:16 Orc Burrow
01:09 Altar of Storms
01:09 Barracks
01:15 Orc Burrow
01:36 Voodoo Lounge
03:03 Stronghold
04:03 War Mill
04:05 Orc Burrow
05:27 Beastiary
05:28 Beastiary
06:38 Fortress
10:20 Orc Burrow
10:40 Great Hall
10:50 Watch Tower
10:50 Watch Tower
10:51 Watch Tower
10:51 Watch Tower
10:52 Watch Tower
12:14 Watch Tower
12:15 Watch Tower
12:15 Watch Tower
12:16 Watch Tower
13:03 Voodoo Lounge
13:06 Voodoo Lounge
14:21 War Mill
21:57 Watch Tower
21:58 Watch Tower
21:59 Watch Tower
22:00 Watch Tower
22:02 Watch Tower
22:02 Watch Tower
22:04 Watch Tower
22:04 Watch Tower
22:05 Watch Tower
22:07 Watch Tower
22:07 Watch Tower
22:09 Watch Tower
22:09 Watch Tower
28:01 Great Hall
28:03 Watch Tower
28:03 Watch Tower
28:03 Watch Tower
28:04 Watch Tower
30:07 Great Hall
30:11 Watch Tower
30:11 Watch Tower
30:12 Watch Tower
30:15 Watch Tower
38:13 Spirit Lodge
38:14 Spirit Lodge
» items
| Healing Salve | 6 | |
| Lesser Clarity Potion | 6 | |
| Potion of Mana | 5 | |
| Staff of Teleportation | 1 | |
| Potion of Healing | 5 | |
| Orb of Lightning | 1 | |
| Scroll of Town Portal | 2 | |
| Periapt of Vitality | 1 | |
| Dust of Appearance | 1 | |
28 total
LAME-GAME (
red | 101 APM | 5390 actions | 53:17)
6 Archmage
3 Summon Water Elemental
1 Brilliance Aura
1 Blizzard
1 Mass Teleport
5 Paladin
3 Holy Light
2 Devotion Aura
» actions
| Assign group hotkey | 108 | |
| Basic commands | 291 | |
| Build / train | 210 | |
| ESC pressed | 6 | |
| Enter build submenu | 57 | |
| Enter hero's abilities submenu | 12 | |
| Give item / drop item | 29 | |
| Right click | 1571 | |
| Select / deselect | 913 | |
| Select group hotkey | 1798 | |
| Use ability | 394 | |
5390 total
» units
| Peasant | 15 | |
| Footman | 4 | |
| Rifleman | 7 | |
| Forest Troll Shadow Priest | 1 | |
| Priest | 4 | |
| Sorceress | 4 | |
| Gryphon Rider | 1 | |
| Dragonhawk Rider | 1 | |
| Mortar Team | 1 | |
38 total
» upgrades
| Long Rifles | 1 | |
| Gunpowder | 3 | |
| Masonry | 3 | |
| Armor | 4 | |
| Lumber Harvesting | 2 | |
| Priest Training | 2 | |
| Sorceress Training | 2 | |
| Control Magic | 1 | |
| Plating | 3 | |
| Barrage | 1 | |
| Animal War Training | 1 | |
| Swords | 3 | |
| Fragmentation Shards | 1 | |
| Flare | 1 | |
| Flak Cannons | 1 | |
| Flying Machine Bombs | 1 | |
| Defend | 1 | |
| Storm Hammers | 1 | |
| Cloud | 1 | |
| Backpack | 1 | |
| Magic Sentry | 1 | |
35 total
» buildings
| Altar of Kings | 1 | |
| Barracks | 2 | |
| Farm | 9 | |
| Lumber Mill | 1 | |
| Blacksmith | 1 | |
| Arcane Vault | 1 | |
| Keep | 2 | |
| Town Hall | 2 | |
| Scout Tower | 33 | |
| Guard Tower | 39 | |
| Arcane Tower | 19 | |
| Castle | 2 | |
| Arcane Sanctum | 2 | |
| Workshop | 2 | |
| Gryphon Aviary | 2 | |
118 total
» build order
00:57 Altar of Kings
01:00 Barracks
01:03 Farm
01:09 Farm
01:16 Farm
01:41 Lumber Mill
01:51 Farm
02:32 Blacksmith
02:45 Arcane Vault
03:31 Keep
03:31 Keep
05:08 Farm
06:53 Farm
07:06 Farm
08:10 Town Hall
08:12 Scout Tower
08:13 Scout Tower
08:14 Scout Tower
08:15 Scout Tower
08:43 Guard Tower
08:43 Guard Tower
08:44 Guard Tower
08:44 Guard Tower
08:44 Guard Tower
08:54 Guard Tower
09:31 Guard Tower
09:31 Guard Tower
09:34 Scout Tower
09:34 Scout Tower
09:37 Scout Tower
09:38 Scout Tower
10:34 Guard Tower
10:34 Guard Tower
10:37 Arcane Tower
10:37 Arcane Tower
10:38 Guard Tower
10:38 Guard Tower
10:38 Guard Tower
10:38 Guard Tower
11:57 Castle
11:57 Castle
12:47 Arcane Sanctum
13:01 Arcane Sanctum
13:35 Scout Tower
17:31 Farm
17:33 Farm
17:41 Workshop
18:27 Barracks
28:40 Town Hall
28:42 Scout Tower
28:43 Scout Tower
28:44 Scout Tower
28:50 Scout Tower
28:52 Scout Tower
28:55 Scout Tower
29:13 Guard Tower
29:20 Guard Tower
29:21 Guard Tower
29:45 Guard Tower
29:45 Guard Tower
29:47 Guard Tower
29:47 Guard Tower
32:30 Gryphon Aviary
34:03 Arcane Tower
34:03 Arcane Tower
34:03 Arcane Tower
34:49 Scout Tower
34:52 Scout Tower
34:53 Scout Tower
34:55 Scout Tower
34:58 Scout Tower
35:00 Scout Tower
35:02 Scout Tower
35:03 Scout Tower
35:05 Scout Tower
35:30 Guard Tower
35:30 Guard Tower
35:33 Guard Tower
35:33 Guard Tower
35:33 Guard Tower
35:33 Guard Tower
35:34 Guard Tower
35:35 Guard Tower
35:36 Guard Tower
35:37 Guard Tower
36:01 Guard Tower
36:01 Guard Tower
36:02 Guard Tower
36:02 Guard Tower
36:07 Guard Tower
36:07 Guard Tower
36:15 Workshop
36:19 Gryphon Aviary
36:23 Scout Tower
36:59 Guard Tower
37:00 Guard Tower
42:47 Scout Tower
42:48 Scout Tower
42:49 Scout Tower
42:50 Scout Tower
42:51 Scout Tower
42:51 Scout Tower
42:53 Scout Tower
42:55 Scout Tower
43:14 Arcane Tower
43:14 Arcane Tower
43:15 Arcane Tower
43:15 Arcane Tower
43:15 Arcane Tower
43:16 Arcane Tower
43:17 Arcane Tower
43:19 Arcane Tower
43:19 Arcane Tower
43:24 Arcane Tower
43:24 Arcane Tower
43:43 Arcane Tower
43:43 Arcane Tower
43:44 Arcane Tower
» items
| Staff of Teleportation | 1 | |
| Scroll of Regeneration | 7 | |
| Mechanical Critter | 6 | |
| Boots of Speed | 1 | |
| Orb of Fire | 2 | |
| Scroll of Town Portal | 1 | |
| Staff of Sanctuary | 3 | |
| Potion of Healing | 2 | |
| Potion of Invisibility | 1 | |
| Potion of Lesser Invulnerability | 1 | |
| Periapt of Vitality | 1 | |
| Circlet of Nobility | 1 | |
| Ivory Tower | 4 | |
| Potion of Mana | 1 | |
| Lesser Clarity Potion | 6 | |
38 total

»
voiceofgodz (
orange | 109 APM | 3486 actions | 32:04)
6 Death Knight
3 Death Coil
2 Unholy Aura
1 Animate Dead
4 Lich
2 Frost Nova
2 Frost Armor
» actions
| Assign group hotkey | 39 | |
| Basic commands | 13 | |
| Build / train | 66 | |
| Enter build submenu | 15 | |
| Enter hero's abilities submenu | 10 | |
| Give item / drop item | 7 | |
| Remove unit from queue | 3 | |
| Right click | 1627 | |
| Select / deselect | 284 | |
| Select group hotkey | 1307 | |
| Use ability | 115 | |
3486 total
» units
| Acolyte | 4 | |
| Ghoul | 3 | |
| Crypt Fiend | 10 | |
| Forest Troll Shadow Priest | 2 | |
| Forest Troll Berserker | 1 | |
| Obsidian Statue | 4 | |
| Abomination | 4 | |
28 total
» upgrades
| Web | 1 | |
| Creature Attack | 3 | |
| Creature Carapace | 1 | |
5 total
» buildings
| Crypt | 1 | |
| Graveyard | 1 | |
| Altar of Darkness | 1 | |
| Ziggurat | 7 | |
| Tomb of Relics | 1 | |
| Nerubian Tower | 1 | |
| Halls of the Dead | 1 | |
| Slaughterhouse | 2 | |
| Black Citadel | 3 | |
| Spirit Tower | 2 | |
20 total
» build order
00:07 Crypt
00:13 Graveyard
00:27 Altar of Darkness
00:54 Ziggurat
01:29 Tomb of Relics
02:22 Ziggurat
02:40 Nerubian Tower
05:41 Ziggurat
06:33 Halls of the Dead
06:36 Ziggurat
10:00 Slaughterhouse
10:02 Slaughterhouse
10:37 Ziggurat
13:03 Black Citadel
13:03 Black Citadel
16:04 Ziggurat
16:08 Ziggurat
27:18 Spirit Tower
27:20 Spirit Tower
» items
| Rod of Necromancy | 2 | |
| Scroll of Regeneration | 1 | |
| Potion of Healing | 1 | |
| Potion of Mana | 1 | |
| Potion of Lesser Invulnerability | 2 | |
| Orb of Corruption | 1 | |
| Scroll of Town Portal | 2 | |
| Scroll of Healing | 1 | |
11 total
Norspherato (
pink | 27 APM | 1488 actions | 54:46)
4 Blood Mage
2 Flame Strike
2 Siphon Mana
» actions
| Assign group hotkey | 23 | |
| Basic commands | 73 | |
| Build / train | 57 | |
| Enter build submenu | 31 | |
| Enter hero's abilities submenu | 4 | |
| Give item / drop item | 1 | |
| Remove unit from queue | 1 | |
| Right click | 498 | |
| Select / deselect | 443 | |
| Select group hotkey | 226 | |
| Use ability | 130 | |
1488 total
» units
| Peasant | 7 | |
| Footman | 1 | |
| Rifleman | 7 | |
| Gryphon Rider | 9 | |
24 total
» upgrades
| Gunpowder | 2 | |
| Armor | 2 | |
| Animal War Training | 1 | |
| Storm Hammers | 1 | |
| Swords | 1 | |
7 total
» buildings
| Altar of Kings | 1 | |
| Farm | 9 | |
| Barracks | 1 | |
| Arcane Vault | 2 | |
| Blacksmith | 1 | |
| Scout Tower | 5 | |
| Keep | 1 | |
| Arcane Tower | 2 | |
| Lumber Mill | 2 | |
| Castle | 1 | |
| Gryphon Aviary | 2 | |
| Town Hall | 1 | |
28 total
» build order
00:40 Altar of Kings
00:47 Farm
00:50 Barracks
01:08 Farm
01:12 Farm
01:23 Arcane Vault
01:54 Farm
02:20 Blacksmith
04:24 Scout Tower
05:22 Keep
05:23 Arcane Tower
06:08 Scout Tower
06:24 Farm
06:26 Farm
06:28 Farm
06:39 Arcane Tower
09:52 Lumber Mill
09:54 Castle
11:18 Gryphon Aviary
11:25 Gryphon Aviary
17:09 Arcane Vault
18:45 Farm
18:47 Farm
19:00 Lumber Mill
20:36 Scout Tower
20:38 Scout Tower
20:41 Scout Tower
22:58 Town Hall
» items
| Scroll of Regeneration | 6 | |
| Lesser Clarity Potion | 5 | |
| Scroll of Town Portal | 3 | |
| Potion of Healing | 1 | |
| Staff of Sanctuary | 1 | |
16 total
Chat log
(02:41 / All) SHAME-BLAME: new 4v4 maps in a few weeks fellows
(02:56 / Allies) Alley-Oop: just use 3 militia
(02:59 / All) BrianPeepers: can't wait
(03:09 / Allies) Alley-Oop: SHIT
(03:15 / Allies) Norspherato: lol
(06:01 / Allies) Norspherato: massing hunts
(06:08 / Allies) Alley-Oop: got web/
(06:16 / Allies) voiceofgodz: help pink
(06:57 / Allies) Alley-Oop: b up pink
(07:12 / Allies) voiceofgodz: no web
(07:19 / Allies) voiceofgodz: oh nice lol
(07:30 / Allies) voiceofgodz: next
(07:59 / Allies) Norspherato: green
(08:05 / Allies) Alley-Oop: wait
(08:07 / Allies) Alley-Oop: b
(08:08 / Allies) Alley-Oop: b
(08:13 / Allies) Norspherato: he has scout
(08:15 / Allies) Norspherato: creep
(08:36 / Allies) Alley-Oop: got web/
(09:59 / Allies) Alley-Oop: for some reason my bm stopped attacking yellow hero 2 mins ago
(10:20 / Allies) LAME-GAME: wtf
(10:21 / Allies) LAME-GAME: wrong spell
(10:24 / Allies) LAME-GAME: was trying to heal that grunt
(10:27 / Allies) LAME-GAME: and I blizzarded it instead
(11:09 / Allies) Norspherato: owl scout
(11:32 / Allies) LAME-GAME: lumber plz
(13:46 / Allies) voiceofgodz: lets hiut?
(16:04 / Allies) Norspherato: g?
(18:01 / All) BrianPeepers: damn bm
(18:02 / All) BrianPeepers: nice job
(19:18 / All) Alley-Oop: LOL
(19:20 / All) Alley-Oop: GET RAPED FAGGOTS
(19:43 / All) Alley-Oop: BYE BYE BLUES
(19:45 / All) Alley-Oop: BYE BLUES
(19:46 / All) Alley-Oop: BYE BLUES
(19:50 / All) Alley-Oop: GOODBYE BLUES
(20:06 / All) Alley-Oop: GOODBYE GREEN
(20:11 / All) Alley-Oop: GET RAPED SON
(20:15 / Allies) Norspherato: purps just standing at expo
(20:17 / All) Alley-Oop: Gead
(20:31 / All) Alley-Oop: dead bitch
(20:56 / All) Alley-Oop: GOODBYE BLUES
(21:14 / All) Alley-Oop: GOODBYE BLUES
(21:29 / All) Alley-Oop: GOODBYE GREENS
(21:43 / All) SHAME-BLAME: die pink
(23:13 / Allies) Norspherato: red you have 10k
(23:16 / Allies) LAME-GAME: so?
(23:21 / Allies) Norspherato: spread the love or use it
(23:22 / Allies) LAME-GAME: what's your point
(23:25 / Allies) LAME-GAME: why
(23:28 / Allies) LAME-GAME: it's mine, I earned it
(23:34 / Allies) LAME-GAME: you're not the boss of me pal
(27:22 / All) LAME-GAME: I've never had to go over 50 food this game
(27:35 / All) Norspherato: i was the bait the entire game of course you havent
(28:22 / Allies) voiceofgodz: teal attack
(28:28 / Allies) voiceofgodz: you hav eorb
(28:28 / All) BrianPeepers: :D
(28:30 / All) BrianPeepers: XD
(28:32 / All) BrianPeepers: we can still win
(28:35 / All) BrianPeepers: IT'S
(28:35 / All) SHAME-BLAME: DIE
(28:39 / All) BrianPeepers: OUR
(28:40 / All) BrianPeepers: TURN
(28:45 / All) BrianPeepers: PUTIN RIGGED IT AGAINST US
(28:49 / All) Norspherato: i hope you win
(28:52 / All) Norspherato: i really do
(28:53 / All) BrianPeepers: WE WILL
(28:57 / All) BrianPeepers: THAT'S NOT FAKE NEWS
(28:59 / All) BrianPeepers: (tm)
(29:00 / Allies) Alley-Oop: haha
(29:02 / Allies) Alley-Oop: HEHE
(29:03 / Allies) Alley-Oop: HAHA
(29:03 / Allies) Alley-Oop: HEHE
(29:04 / Allies) Alley-Oop: HAHA
(29:05 / Allies) Alley-Oop: HEHE
(29:07 / Allies) Alley-Oop: HAHAHAHAHAHA
(29:24 / All) Norspherato: both red and teal hve over 10k gold
(29:33 / All) SHAME-BLAME: i got 7k lawl
(29:34 / Allies) voiceofgodz: did they leave
(29:35 / Allies) Alley-Oop: HAHAHAHAHAHA
(29:37 / All) LAME-GAME: so what? we earned it fair and square
(29:43 / All) LAME-GAME: you can get your own, it's in the mines
(29:47 / All) Norspherato: no oj there trolls
(30:00 / All) LAME-GAME: I'm a troll because I don't play how you want me to? Excuse me
(30:06 / All) voiceofgodz: gg
(30:16 / All) SHAME-BLAME: oj give me credit
(30:18 / All) Norspherato: your a troll because your in no way interested in playing the game
(30:20 / All) SHAME-BLAME: did i do good?
(30:28 / All) Norspherato: if you wanted to sim city play by yourself
(30:31 / All) Alley-Oop: we owend all your asses
(30:34 / All) Alley-Oop: what are you talking about
(30:36 / All) LAME-GAME: but it's more fun to sim city with others
(30:42 / All) LAME-GAME: not my fault you don't enjoy the game the way I do
(30:47 / All) Norspherato: welp gg
(30:59 / All) Norspherato: i wont leave though so if they win i win if they lose i still win
(31:04 / All) Norspherato: cause fuck these people
(31:08 / All) SHAME-BLAME: lol
(31:08 / All) BrianPeepers: :(
(31:10 / All) BrianPeepers: ily pink
(31:12 / All) SHAME-BLAME: what did they do
(31:12 / All) BrianPeepers: entertaining me
(31:12 / All) voiceofgodz: seriosly what happened?
(31:12 / All) LAME-GAME: gonna leave my PC on all night and mine out the map
(31:14 / All) SHAME-BLAME: ur alies?
(31:16 / All) Alley-Oop: Pink was our weakest link
(31:22 / All) SHAME-BLAME: what did teal do?
(31:24 / All) voiceofgodz: like they gave up
(31:25 / All) BrianPeepers: great reference grandma
(31:31 / All) Norspherato: oj they never gave a damn
(31:41 / All) Norspherato: they creeped the middle then stopped
(32:09 / All) SHAME-BLAME: first time i ever used healing salve on shade
(32:17 / All) BrianPeepers: never seen that befoer
(32:22 / All) BrianPeepers: didn't realize perma-invis can be targeted like that
(32:44 / Allies) Alley-Oop: fight club
(33:01 / All) SHAME-BLAME: gonna hoard at 50 til i know whats going on
(33:44 / All) SHAME-BLAME: red getting griffs lmao nub
(33:52 / All) Norspherato: purp teal has bats but leaves them in main and red has shit soooo
(33:58 / All) Alley-Oop: Deal from strength, or get crushed every time, newbie
(34:04 / All) SHAME-BLAME: how much gold do they have now?
(34:07 / All) SHAME-BLAME: im over 10k finally
(34:11 / All) Norspherato: red 17k
(34:18 / All) Norspherato: teal 14k
(34:24 / All) SHAME-BLAME: i may be able to get 20k in next 5 min
(34:27 / All) Norspherato: they have no real army
(34:30 / All) Norspherato: just kill them
(34:40 / All) SHAME-BLAME: k. update me on their status
(34:47 / All) SHAME-BLAME: i should probably not get wyverns vs bats
(34:48 / All) Norspherato: teals hero going to your main
(34:58 / All) Norspherato: teal bm in main
(35:00 / All) Norspherato: top
(35:09 / All) LAME-GAME: having fun with your narration?
(35:12 / All) LAME-GAME: not sure anyone's listening
(35:18 / All) LAME-GAME: but long as you enjoy it
(35:19 / All) Norspherato: teals running away
(35:36 / All) Norspherato: here comes his bats
(35:45 / All) Norspherato: id say go raiders to net everything
(35:57 / All) LAME-GAME: listen to the guy who lost his base and all his units
(35:59 / All) LAME-GAME: for advice
(36:26 / All) Norspherato: bats moving above your main
(36:43 / All) Norspherato: left of greens previous base
(37:04 / All) Norspherato: bottem
(37:21 / All) Norspherato: still there
(37:24 / All) Norspherato: just waiting
(38:00 / All) Norspherato: awww teal had to tp
(38:04 / All) BrianPeepers: :(
(38:37 / All) Norspherato: reds at the bottem left base just waiting there
(38:49 / All) LAME-GAME: you mean afking
(38:52 / All) Norspherato: 3 rilfe heros 3 sorc and 2 preists
(38:53 / All) LAME-GAME: what am I waiting for?
(39:01 / All) Norspherato: afking means away from keyboard you idiot
(39:07 / All) LAME-GAME: have been on and off
(39:11 / All) LAME-GAME: doing other shit away from my laptop
(39:14 / All) Norspherato: then your not away
(39:17 / All) LAME-GAME: my units are idle
(39:23 / All) LAME-GAME: and so am I
(39:29 / All) Norspherato: then your idleing dipshit
(39:38 / All) LAME-GAME: no I'm not I've been afk
(39:44 / All) LAME-GAME: my units aren't doing anything
(39:45 / All) LAME-GAME: not waiting
(39:48 / All) LAME-GAME: sorry to break it to you
(39:52 / All) LAME-GAME: you got the facts wrong narrator
(40:01 / All) LAME-GAME: think you need to go to broadcasting school pink
(40:13 / All) Norspherato: thats called ideling sad when non native english speakers think there smarter then those who are
(40:25 / All) LAME-GAME: tell me more about ideling and your english skills
(40:50 / All) LAME-GAME: your commentary is kind of losing it now, you're veering off topic pink
(40:50 / All) LAME-GAME: focus
(40:53 / All) Norspherato: look at that shame walk teal LOOK AT IT
(42:13 / All) BrianPeepers: wb
(42:24 / Allies) Alley-Oop: get sentry
(42:30 / Allies) LAME-GAME: k
(42:35 / Allies) Alley-Oop: and get some mana towres
(42:41 / Allies) Alley-Oop: gonna smoke out this bm
(42:56 / All) Norspherato: teal wants to smoke you out apparently
(43:05 / All) Norspherato: wants red to get mana towers
(43:10 / All) Alley-Oop: raped
(43:40 / All) Alley-Oop: should have told him he was about to take a dirtnap
(43:47 / All) Alley-Oop: what a shitty double agent you are
(43:53 / All) Norspherato: you win i win you lose i still win
(43:59 / All) Alley-Oop: lol
(44:23 / Allies) LAME-GAME: you have control
(54:03 / All) SHAME-BLAME: yellow's shade vs pinks buildings. battle for the championship
(54:42 / All) Alley-Oop: good luck gentlemen
(54:45 / All) BrianPeepers: gg